AoeStats
← Rebi69

MegaRandom

508438543Analyzed
2v2 RM · 9d ago on Sep 22, 2026· 49m 53s· 4 players
Game mode
Random Map
Map size
Medium (4 player)
Population
200
Speed
Normal
Resources
Standard
Victory
Conquest
Starting age
Dark Age
Ending age
Imperial Age
RankedLock teamsTeams togetherTeam positionsShared explorationLock speedFull tech treeHidden civsTurbo modeCheats
Victory
Defeat
🇪🇸 Lithuanians · Spain
1202
+14
🇪🇸 Vikings · Spain
1199
+15
🇫🇷 Vikings · France
1182
-15
🇰🇿 Wu · Kazakhstan
1157
-14
Rebi69
3:51 Loom
13:27 Feudal Age
14:43 Double-Bit Axe
15:56 Man-at-Arms
17:35 Gold Mining
20:16 Padded Archer Armor
25:00 Castle Age
25:18 Crossbowman
25:34 Pikeman
26:16 Squires
26:51 Town Watch
27:30 Fletching
32:58 Bodkin Arrow
35:47 Ballistics
44:08 Imperial Age
43:00 Stone Mining
43:45 Gold Shaft Mining
46:39 Bracer
46:39 Arbalester
50:52 Chemistry
nurlan-c
4:23 Loom
12:55 Feudal Age
14:13 Wheelbarrow
16:46 Castle Age
16:28 Scale Mail Armor
17:30 Scale Barding Armor
18:57 Forging
19:11 Husbandry
24:14 Bloodlines
28:07 Town Watch
32:15 Hand Cart
38:49 Imperial Age
36:30 Gold Mining
38:17 Stone Mining
39:58 Conscription
41:03 Fletching
42:16 Horse Collar
44:49 Chain Barding Armor
44:20 Heavy Hei Guang Cavalry
46:03 Iron Casting
DAVE
5:21 Loom
13:11 Feudal Age
14:44 Double-Bit Axe
17:45 Castle Age
19:11 Man-at-Arms
20:38 Pikeman
23:39 Scale Mail Armor
29:11 Horse Collar
29:30 Fishing Lines
29:47 Elite Skirmisher
31:06 Chain Mail Armor
31:08 Town Watch
33:02 Fletching
34:19 Forging
34:52 Bodkin Arrow
36:42 Iron Casting
36:55 Squires
37:37 Bow Saw
40:50 Arson
44:15 Imperial Age
43:05 Gambesons
47:24 Plate Mail Armor
47:34 Masonry
48:11 Bogsveigar
48:15 Chieftains
48:05 Long Swordsman
50:01 Conscription
Richi F
4:11 Loom
12:56 Feudal Age
17:37 Castle Age
17:25 Double-Bit Axe
20:00 Scale Barding Armor
20:06 Forging
20:38 Wheelbarrow
21:46 Chain Barding Armor
23:50 Bloodlines
28:43 Husbandry
28:45 Horse Collar
34:28 Fletching
36:01 Padded Archer Armor
38:04 Elite Skirmisher
38:43 Bodkin Arrow
39:03 Leather Archer Armor
43:23 Imperial Age
41:09 Caravan
45:07 Chemistry
44:12 Tower Shields
44:33 Conscription
45:20 Bracer
46:12 Ballistics
46:04 Cavalier
49:05 Ring Archer Armor
Connection lost

Rejoining the realm…

Still unreachable

The connection could not be restored.

Session expired

The server has moved on; the page needs a fresh start.